 Dungeon Crawl Stone Soup version 0.18.1-48-g4cf74bf (webtiles) character file.

567 dvd the Twirler (level 7, -5/42 HPs)
             Began as a Gargoyle Gladiator on Aug 13, 2016.
             Slain by a killer bee (7 damage)
             ... on level 4 of the Dungeon.
             The game lasted 00:09:53 (4229 turns).

dvd the Twirler (Gargoyle Gladiator)                Turns: 4229, Time: 00:09:54

Health: -5/42      AC: 10    Str: 24    XL:     7   Next: 33%
Magic:  7/7        EV: 13    Int:  9    God:
Gold:   224        SH:  0    Dex: 11    Spells: 0 memorised, 6 levels left

rFire  . . .     SeeInvis .     a - +0 quarterstaff
rCold  . . .     Gourm    .     H - +2 robe {rN+}
rNeg   + + .     Faith    .     (shield currently unavailable)
rPois  ∞         Spirit   .     c - +0 helmet
rElec  +         Dismiss  .     (no cloak)
rCorr  .         Reflect  .     (no gloves)
SustAt .         Harm     +     (no boots)
MR     .....                    C - amulet of harm
Stlth  +.........               (no ring)
                                (no ring)

@: mighty, not resistant to hostile enchantments, very unstealthy
A: negative energy resistance 1, electricity resistance, unbreathing,
petrification resistance, rot immunity, AC +4
a: no special abilities


You were on level 4 of the Dungeon.
You were not hungry.

You visited 1 branch of the dungeon, and saw 5 of its levels.

You collected 224 gold pieces.

Inventory:

Hand Weapons
 a - a +0 quarterstaff (weapon)
 l - a +0 whip of venom
 s - a +0 morningstar
 D - a +0 war axe
Missiles
 d - 5 throwing nets (quivered)
Armour
 b - a +0 leather armour
 c - a +0 helmet (worn)
 w - a +0 leather armour of cold resistance
 H - a +2 robe of positive energy (worn)
 J - a +0 scale mail
Jewellery
 C - an amulet of harm (around neck)
Wands
 E - a wand of flame (17/48)
Scrolls
 e - 4 scrolls of fear {unknown}
 g - 4 scrolls of remove curse
 i - 2 scrolls of teleportation {unknown}
 n - 2 scrolls of enchant armour {unknown}
 o - 2 scrolls of amnesia {unknown}
 r - 3 scrolls of identify {unknown}
 t - 3 scrolls of fog {unknown}
 u - a scroll of enchant weapon {unknown}
 v - a scroll of magic mapping {unknown}
 z - 2 scrolls of random uselessness {unknown}
 B - 3 scrolls of blinking {unknown}
Potions
 j - a potion of brilliance {unknown}
 k - 2 potions of ambrosia {unknown}
 m - 2 potions of curing {unknown}
 p - 2 potions of agility {unknown}
 q - 2 potions of might
 A - a potion of flight {unknown}
 G - 2 potions of cancellation {unknown}
Comestibles
 f - 4 bread rations
 h - a slice of pizza
 x - a beef jerky
 F - 3 fruits
 I - 3 chunks of flesh


   Skills:
 + Level 3.9 Fighting
 + Level 0.6(2.9) Maces & Flails
 + Level 4.6 Staves
 - Level 1.9 Throwing
 + Level 3.4 Armour
 + Level 4.5 Dodging
 + Level 0.5 Stealth


You had 6 spell levels left.
You didn't know any spells.

Dungeon Overview and Level Annotations

Branches:
Dungeon (5/15)
 Temple: D:4-7

Altars:
Ashenzari
Elyvilon
Fedhas
Gozag
Trog
Vehumet
Yredelemnul


Innate Abilities, Weirdness & Mutations

You are resistant to torment.
Your stone body is resilient (AC +4).
You are immune to poison.
You resist negative energy.
You are resistant to electric shocks.
You can survive without breathing.
You are immune to petrification.
You are immune to rotting.


Message History

The killer bee stings you but does no damage. x2
The orc hits you from afar with a trident of venom.
* * * LOW HITPOINT WARNING * * *
You climb upwards.
There is a stone staircase leading down here.
You miss the killer bee. The killer bee stings you.
* * * LOW HITPOINT WARNING * * *
The killer bee closely misses you.
You hit the killer bee.
The killer bee is lightly wounded.
The killer bee closely misses you. The killer bee stings you.
* * * LOW HITPOINT WARNING * * *
You closely miss the killer bee.
The killer bee is lightly wounded.
The killer bee closely misses you. x2
Drink which item? (? for menu, Esc to quit)
It was a potion of might.
You feel very mighty all of a sudden. The killer bee stings you.
You die...

##..## ##..... ##...# ###......
##...########### ##....#...
###..............# ##...####..
.................# ###..### ##.
..(..............####...## ##
.................##...######## #
.(...............#...##......##
................@..##.........##
...............y..###..........#
................### #..........#
...............## #..........#
..............## ##........##
...........##..## #........#
#........#####..## #.......##
#......### ##..# #......##
#.##.### ##.## ##....##


You could see a killer bee.

Vanquished Creatures
  2 killer bees (D:5)
  A howler monkey (D:4)
  2 orc priests (D:3)
  A hound (D:4)
  An orc wizard (D:3)
  Natasha (thrice) (D:3)
  2 worker ants (D:4)
  10 adders
  3 oozes
  2 worms
  4 dart slugs
  3 giant geckos
  19 orcs
  A giant cockroach (D:1)
  6 goblins
  5 hobgoblins
  2 jackals (D:2)
  5 kobolds
  2 quokkas (D:2)
  3 ball pythons
  3 bats
  6 giant newts
  7 rats
93 creatures vanquished.

Notes
Turn   | Place    | Note
--------------------------------------------------------------
     0 | D:1      | dvd the Gargoyle Gladiator began the quest for the Orb.
     0 | D:1      | Reached XP level 1. HP: 12/12 MP: 1/1
   127 | D:1      | Reached XP level 2. HP: 15/17 MP: 2/2
   727 | D:2      | Reached XP level 3. HP: 21/22 MP: 3/3
  1015 | D:2      | Found a white marble altar of Elyvilon.
  1017 | D:2      | Found a radiant altar of Vehumet.
  1018 | D:2      | Found a bloodstained altar of Trog.
  1019 | D:2      | Found a basalt altar of Yredelemnul.
  1019 | D:2      | Found a shattered altar of Ashenzari.
  1019 | D:2      | Found a blossoming altar of Fedhas.
  1159 | D:2      | Found an opulent altar of Gozag.
  1439 | D:2      | Reached XP level 4. HP: 21/27 MP: 4/4
  1760 | D:2      | Reached skill level 1 in Armour
  2092 | D:3      | Reached XP level 5. HP: 29/32 MP: 5/5
  2278 | D:3      | Noticed Natasha
  2286 | D:3      | Killed Natasha
  2565 | D:3      | Reached XP level 6. HP: 17/37 MP: 6/6
  2835 | D:3      | Found an opulent altar of Gozag.
  2950 | D:3      | Noticed Natasha
  2954 | D:3      | Killed Natasha
  3177 | D:3      | Noticed Natasha
  3187 | D:3      | Killed Natasha
  3494 | D:4      | Reached XP level 7. HP: 41/41 MP: 7/7
  4179 | D:5      | Entered Level 5 of the Dungeon
  4227 | D:4      | HP: 2/42 [killer bee (5)]
  4229 | D:4      | Slain by a killer bee

Skill      XL: |  1  2  3  4  5  6 |
---------------+-------------------+-----
Dodging        | 3 4 |  4.5
Armour         | 1 2 3 |  3.4
Fighting       | 3 |  3.9
Staves         | 4 |  4.6
Maces & Flails | |  0.6
Throwing       | |  1.9
Stealth        | |  0.5

Action                   |  1- 3 |  4- 6 |  7- 9 || total
-------------------------+-------+-------+-------++-------
Melee: Quarterstaff      |    95 |   142 |    43 ||   280
       Whip              |       |    63 |       ||    63
  Use: Scroll            |     1 |     1 |       ||     2
       Potion            |       |       |     1 ||     1
  Eat: Chunk             |     2 |     6 |     3 ||    11
Armor: Leather armour    |    36 |    26 |       ||    62
       Ring mail         |       |    67 |     9 ||    76
       Robe              |       |       |     8 ||     8
Dodge: Dodged            |    52 |   121 |    41 ||   214
